 Dungeon Crawl Stone Soup version 0.19.1-1-g22dce08 (webtiles) character file.

124 galech the Skirmisher (level 5, -8/33 HPs)
             Began as a Gargoyle Fighter on Jan 18, 2017.
             Killed by divine providence
             ... invoked by an orc priest
              (11 damage)
             ... on level 3 of the Dungeon.
             The game lasted 00:04:51 (1991 turns).

galech the Skirmisher (Gargoyle Fighter)            Turns: 1991, Time: 00:04:52

Health: -8/33      AC:  8    Str: 19    XL:     5   Next: 8%
Magic:  5/5        EV:  7    Int:  9    God:
Gold:   145        SH: 10    Dex: 10    Spells: 0 memorised, 4 levels left

rFire  . . .     SeeInvis .     a - +0 flail
rCold  . . .     Gourm    .     b - +0 scale mail
rNeg   + . .     Faith    .     c - +1 shield
rPois  ∞         Spirit   .     (no helmet)
rElec  +         Reflect  .     (no cloak)
rCorr  .         Harm     .     (no gloves)
MR     .....                    (no boots)
Stlth  ..........               h - amulet of inaccuracy (curse)
                                (no ring)
                                k - -2 ring of protection (curse)

@: no status effects
A: negative energy resistance 1, electricity resistance, unbreathing,
petrification resistance, rot immunity, AC +4
a: no special abilities


You were on level 3 of the Dungeon.
You were not hungry.

You visited 1 branch of the dungeon, and saw 3 of its levels.

You collected 145 gold pieces.

Inventory:

Hand Weapons
 a - a +0 flail (weapon)
Armour
 b - a +0 scale mail (worn)
 c - a +1 shield (worn)
Jewellery
 h - a cursed amulet of inaccuracy (around neck)
 k - a cursed -2 ring of protection (left hand)
Scrolls
 e - 2 scrolls of fear
Potions
 d - 2 potions of might
 m - 2 potions of curing {unknown}
 n - a potion of haste {unknown}
Comestibles
 f - 4 bread rations
 g - 5 chunks of flesh
 i - a slice of pizza
 j - 4 fruits
 l - a meat ration


   Skills:
 + Level 4.1 Fighting
 + Level 3.5 Maces & Flails
 + Level 3.5 Armour
 + Level 0.7 Dodging
 + Level 3.9 Shields


You had 4 spell levels left.
You didn't know any spells.

Dungeon Overview and Level Annotations

Branches:
Dungeon (3/15)

Altars:
Gozag
Qazlal


Innate Abilities, Weirdness & Mutations

You are resistant to torment.
Your stone body is resilient. (AC +4)
You are immune to poison.
You resist negative energy. (rN+)
You are resistant to electric shocks. (rElec)
You can survive without breathing.
You are immune to petrification.
You are immune to rotting.


Message History

You are too injured to fight recklessly!
You are too injured to fight recklessly!
You are too injured to fight recklessly!
You are too injured to fight recklessly!
You are too injured to fight recklessly!
You are too injured to fight recklessly!
You are too injured to fight recklessly!
You are too injured to fight recklessly!
You are too injured to fight recklessly!
You are too injured to fight recklessly!
You are too injured to fight recklessly!
You are too injured to fight recklessly!
You are too injured to fight recklessly!
You are too injured to fight recklessly!
You are too injured to fight recklessly!
You are too injured to fight recklessly!
You are too injured to fight recklessly!
The orc priest calls down the wrath of Beogh upon you.
Beogh smites you!
You die...

.... #.# #.....#.# ####
#.###.....#.# #### . ###
#.........# ...# . ..#
#..##.....# ##.# #. #.#.#
#..##.....# ##. #..#.#.#
#..######## ##.#
#..#.#.###..#
##.####..#........##
......#.>.......@.o#######.#
......##.#.#.##...).o).....#
...........#.###...#########
..................##
...........#.######
......##.###.#
....(.##.[...#
##############


You could see an orc priest and an orc.

Vanquished Creatures
  Terence (D:2)
  3 adders
  2 worms
  5 dart slugs
  5 orcs (D:3)
  2 giant cockroaches
  5 goblins
  A hobgoblin (D:2)
  12 jackals
  5 bats
  A frilled lizard (D:1)
  5 kobolds
  3 rats
50 creatures vanquished.

Notes
Turn   | Place    | Note
-------+----------+-------------------------------------------
     0 | D:1      | galech the Gargoyle Fighter began the quest for the Orb.
     0 | D:1      | Reached XP level 1. HP: 14/14 MP: 1/1
    44 | D:1      | Reached XP level 2. HP: 10/19 MP: 2/2
   433 | D:1      | Reached XP level 3. HP: 23/24 MP: 3/3
   784 | D:2      | Found an opulent altar of Gozag.
   786 | D:2      | Reached skill level 4 in Fighting
  1087 | D:2      | Noticed Terence
  1097 | D:2      | Killed Terence
  1097 | D:2      | Reached XP level 4. HP: 17/29 MP: 4/4
  1702 | D:3      | Found a stormy altar of Qazlal.
  1936 | D:3      | Reached XP level 5. HP: 28/33 MP: 5/5
  1991 | D:3      | Killed from afar by an orc priest

Skill      XL: |  1  2  3 |
---------------+----------+-----
Fighting       | 4 |  4.1
Maces & Flails | 3 |  3.5
Armour         | |  3.5
Dodging        | |  0.7
Shields        | |  3.9

Action                   |  1- 3 |  4- 6 || total
-------------------------+-------+-------++-------
Melee: Flail             |    97 |   112 ||   209
  Use: Scroll            |     4 |     3 ||     7
  Eat: Chunk             |     1 |     3 ||     4
Armor: Scale mail        |    53 |    51 ||   104
Dodge: Dodged            |    32 |    31 ||    63
Block: Shield            |    58 |    67 ||   125
